AoeStats
← Thổ Dân Da Đỏ

Nomad

505918862Analyzed
3v3 RM · 22d ago on Sep 11, 2026· 79m 11s· 6 players
Game mode
Random Map
Map size
210×210
Population
200
Speed
Normal
Resources
Standard
Victory
Conquest
Starting age
Dark Age
Ending age
Imperial Age
RankedLock teamsTeams togetherTeam positionsShared explorationLock speedFull tech treeHidden civsTurbo modeCheats
Victory
Defeat
🇬🇧 Vikings · United Kingdom
1208
+15
🇬🇧 Huns · United Kingdom
1207
+15
🇬🇧 Berbers · United Kingdom
1189
+17
🇮🇳 Khmer · India
1220
-16
🇨🇳 Jurchens · China
1190
-16
🇦🇷 Turks · Argentina
1167
-15
newats2007
4:15 Loom
13:29 Feudal Age
17:25 Castle Age
15:40 Double-Bit Axe
29:54 Imperial Age
28:52 Forging
28:43 Scale Mail Armor
28:33 Fletching
28:44 Padded Archer Armor
29:00 Pikeman
30:47 Wheelbarrow
32:36 Iron Casting
34:22 Hand Cart
36:53 Bow Saw
36:25 Horse Collar
40:32 Chemistry
39:52 Ballistics
41:07 Double Crossbow
41:28 Conscription
42:19 Heavy Scorpion
46:25 Blast Furnace
45:20 Bodkin Arrow
45:41 Leather Archer Armor
45:43 Chain Mail Armor
50:03 Bracer
50:12 Siege Engineers
51:41 Heavy Plow
54:29 Light Cavalry
55:19 Bloodlines
55:10 Husbandry
57:08 Crop Rotation
58:58 Caravan
60:43 Hussar
Thổ Dân Da Đỏ
6:25 Loom
14:48 Feudal Age
19:11 Castle Age
58:59 Medium Warships
71:55 Fishing Lines
78:04 Imperial Age
Hakka
4:49 Loom
15:12 Feudal Age
15:59 Town Watch
16:37 Double-Bit Axe
19:30 Castle Age
17:42 Gold Mining
19:00 Padded Archer Armor
21:01 Bow Saw
21:43 Leather Archer Armor
24:07 Siege Engineers
24:40 Horse Collar
26:32 Gold Shaft Mining
26:04 Heavy Plow
27:03 Sanctity
27:25 Wheelbarrow
32:26 Hand Cart
39:19 Imperial Age
38:07 Stone Mining
40:05 Forging
40:01 Scale Barding Armor
41:02 Chemistry
40:23 Ballistics
39:59 Murder Holes
40:07 Fortified Bastions
41:07 Ring Archer Armor
41:48 Fletching
43:34 Thunderclap Bombs
44:03 Bodkin Arrow
47:08 Conscription
51:33 Bloodlines
51:25 Husbandry
52:28 Light Cavalry
53:57 Iron Casting
53:44 Chain Barding Armor
55:27 Hussar
56:50 Capped Ram
63:43 Masonry
63:15 Treadmill Crane
66:22 Stone Shaft Mining
66:46 Plate Barding Armor
74:37 Elite Iron Pagoda
Nate The Great
3:03 Loom
13:10 Feudal Age
13:56 Double-Bit Axe
14:31 Gold Mining
16:01 Fishing Lines
17:03 Forging
20:26 Castle Age
21:14 Squires
20:59 Gambesons
20:38 Pikeman
26:10 Iron Casting
31:33 Gillnets
39:12 Imperial Age
46:55 Stone Mining
47:42 Gold Shaft Mining
47:53 Gold Shaft Mining
48:12 Elite Berserk
51:02 Blast Furnace
50:02 Scale Mail Armor
51:06 Blast Furnace
51:39 Conscription
54:49 Fletching
56:38 Chain Mail Armor
62:13 Onager
71:26 Plate Mail Armor
79:03 Horse Collar
79:33 Bow Saw
79:26 Bodkin Arrow
leech
5:04 Loom
12:57 Feudal Age
17:07 Castle Age
15:32 Fishing Lines
16:22 Double-Bit Axe
16:18 Horse Collar
16:56 Forging
18:29 Bow Saw
18:53 Scale Barding Armor
20:07 Horse Collar
21:09 Gillnets
23:33 Chain Barding Armor
23:19 Husbandry
25:31 Bloodlines
27:29 Wheelbarrow
27:47 Iron Casting
27:26 Heavy Plow
29:53 Hand Cart
30:21 Gold Mining
35:44 Imperial Age
33:13 Murder Holes
34:06 Gold Shaft Mining
32:58 Light Cavalry
35:26 Town Watch
35:36 Stone Mining
37:29 Blast Furnace
37:05 Plate Barding Armor
37:08 Crop Rotation
36:21 Heavy Camel Rider
38:33 Stone Shaft Mining
39:33 Hussar
41:42 Chemistry
44:16 Conscription
44:53 Maghrebi Camels
54:27 Ballistics
54:18 Masonry
54:14 Siege Engineers
55:40 Elite Camel Archer
60:11 Elite Genitour
61:04 Thumb Ring
67:43 Elite Skirmisher
ScotJ
4:26 Loom
12:27 Feudal Age
14:18 Double-Bit Axe
14:59 Fishing Lines
17:34 Wheelbarrow
17:20 Bloodlines
22:40 Castle Age
23:32 Gillnets
23:53 Bow Saw
23:37 Gold Mining
23:11 Pikeman
24:54 Fletching
25:33 Forging
25:37 Medium Warships
25:51 Bodkin Arrow
25:59 Husbandry
26:10 Squires
27:28 Thumb Ring
28:26 Padded Archer Armor
28:33 Town Watch
28:39 Horse Collar
31:06 Ballistics
31:44 Hand Cart
33:44 Gold Shaft Mining
34:26 Leather Archer Armor
36:53 Imperial Age
35:15 Leather Archer Armor
38:18 Parthian Tactics
37:55 Bracer
39:47 Chemistry
39:51 Conscription
40:12 Heavy Plow
41:29 Heavy Cavalry Archer
44:30 Scale Mail Armor
47:45 Chain Mail Armor
48:36 Light Cavalry
48:40 Cavalier
49:20 Hussar
50:13 Guilds
52:11 Two-Man Saw
52:25 Scale Barding Armor
53:40 Chain Barding Armor
56:19 Plate Barding Armor
56:14 Masonry
60:21 Iron Casting
70:56 Blast Furnace
76:38 Paladin
Connection lost

Rejoining the realm…

Still unreachable

The connection could not be restored.

Session expired

The server has moved on; the page needs a fresh start.